[Event "Titled Tuesday Blitz November 22 Late 2022"]
[White "Silvestre, Christian"]
[Black "Dzierzak, Radoslaw"]
[WhiteFideId "30956269"]
[BlackFideId "1161407"]
[WhiteElo "2326"]
[BlackElo "2111"]
[Result "1-0"]
[Round "03"]
[TimeControl "180+1"]
[Date "2022.11.23"]
[WhiteClock "0:01:45"]
[BlackClock "0:00:43"]

1. d4 Nf6 2. Bg5 e6 3. e4 h6 4. Bxf6 Qxf6 5. c3 d6 6. Bd3 Nd7 7. Ne2 g6 8. f4 Bg7 9. e5 Qe7 10. O-O O-O 11. Nd2 b6 12. Be4 d5 13. Bd3 c5 14. g4 a5 15. Nf3 Ba6 16. f5 Bxd3 17. Qxd3 exf5 18. gxf5 f6 19. e6 Nb8 20. Nf4 g5 21. Nxd5 Qd6 22. Ne3 Nc6 23. Nc4 Qd8 24. d5 b5 25. Ne3 c4 26. Qe4 Ne5 27. Nxe5 fxe5 28. Rad1 Qd6 29. f6 Bxf6 30. Qg6+ Bg7 31. Rf7 Rxf7 32. exf7+ Kh8 33. Qxd6 1-0


[Site "https://www.chess.com"]

[Event "Titled Tuesday Blitz November 22 Late 2022"]
[White "Sokolovsky, Yahli"]
[Black "Yeritsyan, Hayk"]
[WhiteFideId "2820242"]
[BlackFideId "13307320"]
[WhiteElo "2635"]
[BlackElo "2379"]
[Result "1-0"]
[Round "03"]
[TimeControl "180+1"]
[Date "2022.11.23"]
[WhiteClock "0:00:35"]
[BlackClock "0:00:23"]

1. b3 d5 2. e3 Nf6 3. Bb2 Bf5 4. d4 e6 5. Nf3 c5 6. Bb5+ Nc6 7. O-O Bg4 8. h3 Bxf3 9. Qxf3 cxd4 10. exd4 Be7 11. Nd2 O-O 12. Qe2 Rc8 13. c3 a6 14. Bd3 b5 15. Nf3 Bd6 16. a4 bxa4 17. Bxa6 Rb8 18. b4 Qb6 19. Rxa4 Ra8 20. Rfa1 Rfb8 21. Bd3 Rxa4 22. Rxa4 Ne7 23. Ne5 Qc7 24. f4 Qb7 25. Qe1 Rc8 26. Qa1 Qc7 27. Ra7 Qb6 28. Qa6 Qxa6 29. Rxa6 Bxe5 30. fxe5 Ne4 31. Ra3 g5 32. b5 Nd2 33. Kf2 Rb8 34. Ke2 Nc4 35. Rb3 Nc8 36. Bc1 Na7 37. b6 Rxb6 38. Rxb6 Nxb6 39. Bxg5 Nc6 40. Bb5 Na5 41. Bd8 Nac4 42. Kd3 Nb2+ 43. Kc2 N2c4 44. Kb3 Nd2+ 45. Kc2 Ndc4 46. Bxb6 Na3+ 47. Kb3 Nxb5 48. Kb4 Nxd4 49. cxd4 Kg7 50. Bd8 Kg6 51. g4 h5 52. Kc5 hxg4 53. hxg4 f5 54. exf6 1-0


[Site "https://www.chess.com"]

[Event "Titled Tuesday Blitz November 22 Late 2022"]
[White "Souleidis, Georgios"]
[Black "Galchenko, Matvey"]
[WhiteFideId "4206827"]
[BlackFideId "24175480"]
[WhiteElo "2527"]
[BlackElo "2888"]
[Result "1-0"]
[Round "03"]
[TimeControl "180+1"]
[Date "2022.11.23"]
[WhiteClock "0:00:03"]
[BlackClock "0:00:10"]

1. e4 e6 2. d4 d5 3. exd5 exd5 4. Nf3 Nf6 5. Bd3 c5 6. O-O Nc6 7. Re1+ Be7 8. dxc5 O-O 9. Nbd2 Bxc5 10. Nb3 Bb6 11. h3 h6 12. c3 Re8 13. Be3 Bc7 14. Bc5 Ne4 15. Be3 Qf6 16. Nbd4 Bd7 17. Rc1 Rad8 18. Rc2 Qg6 19. Nh4 Qd6 20. Nhf3 a6 21. Nxc6 Bxc6 22. Bxe4 dxe4 23. Rd2 exf3 24. Rxd6 Rxd6 25. Bd4 Rxe1+ 26. Qxe1 fxg2 27. Qe5 f6 28. Qe7 Rd7 29. Qe6+ Kh7 30. f3 Rd6 31. Qe7 Rd7 32. Qe6 Rd6 33. Qf5+ g6 34. Qf4 Kg7 35. Kxg2 h5 36. h4 Kf7 37. Qh6 Bd8 38. Qh7+ Ke6 39. Qxg6 Rd5 40. Qg8+ Kd7 41. Qh7+ Kc8 42. Qg8 Rf5 43. Qe6+ Bd7 44. Qe4 Rb5 45. b4 f5 46. Qf4 Rd5 47. c4 Bc7 48. Qe3 Rd6 49. Bc5 Rg6+ 50. Kf2 f4 51. Qe7 Rg8 52. Qf7 Re8 53. Qxh5 b6 54. Bd4 Rd8 55. Bf6 Re8 56. Qf7 a5 57. Be7 a4 58. b5 Rh8 59. h5 Be8 60. Qf5+ Kb8 61. h6 Rxh6 62. Qf8 Rh2+ 63. Kg1 Re2 64. Qxe8+ Ka7 65. Qd7 Re1+ 66. Kf2 Rxe7 67. Qxe7 1-0


[Site "https://www.chess.com"]

[Event "Titled Tuesday Blitz November 22 Late 2022"]
[White "Suder, Jakub"]
[Black "Storey, Charles H"]
[WhiteFideId "1195310"]
[BlackFideId "406686"]
[WhiteElo "2646"]
[BlackElo "2432"]
[Result "1-0"]
[Round "03"]
[TimeControl "180+1"]
[Date "2022.11.23"]
[WhiteClock "0:00:48"]
[BlackClock "0:00:56"]

1. d4 g6 2. c4 Bg7 3. Nc3 c5 4. d5 e5 5. e4 d6 6. Bd3 Nd7 7. Nf3 Ne7 8. g4 h5 9. g5 a6 10. h4 O-O 11. Be3 Rb8 12. a4 a5 13. Ne2 Nb6 14. b3 Na8 15. Qd2 b6 16. O-O-O Nc7 17. Kb1 Na6 18. Ng3 Nb4 19. Ne1 Nxd3 20. Nxd3 Bg4 21. Rdg1 Kh7 22. Ne1 Qe8 23. f3 Bd7 24. Qe2 Bxa4 25. bxa4 Qxa4 26. Qa2 Qb4+ 27. Kc2 a4 28. Bd2 Qb3+ 29. Qxb3 axb3+ 30. Kxb3 b5 31. Nd3 Nc8 32. cxb5 Rxb5+ 33. Kc4 Rb7 34. Rb1 Nb6+ 35. Kc3 Rfb8 36. Kc2 Nc4 37. Rxb7 Rxb7 38. Ra1 f6 39. Bc1 fxg5 40. Bxg5 Bh6 41. Bxh6 Kxh6 42. Nf1 g5 43. hxg5+ Kxg5 44. Ra4 Nb6 45. Ra6 h4 46. Nf2 Kf4 47. Ra3 Nc4 48. Nh3# 1-0


[Site "https://www.chess.com"]

[Event "Titled Tuesday Blitz November 22 Late 2022"]
[White "Svane, Rasmus"]
[Black "Yuan, Qingyu"]
[WhiteFideId "4657101"]
[BlackFideId "8609772"]
[WhiteElo "2674"]
[BlackElo "2359"]
[Result "0-1"]
[Round "03"]
[TimeControl "180+1"]
[Date "2022.11.22"]
[WhiteClock "0:00:01"]
[BlackClock "0:00:06"]

1. Nf3 d5 2. g3 c5 3. Bg2 Nc6 4. d4 Nf6 5. O-O e6 6. c4 dxc4 7. Qa4 Bd7 8. Qxc4 b5 9. Qc3 b4 10. Qd3 Rc8 11. dxc5 Bxc5 12. Be3 Bxe3 13. Qxe3 Qb6 14. Qxb6 axb6 15. Nbd2 Na5 16. Ne5 Rc2 17. Rfd1 Ke7 18. Nd3 Bb5 19. Nxb4 Rxb2 20. Nd3 Bxd3 21. exd3 Rc8 22. Rab1 Rxa2 23. Rxb6 Rcc2 24. Ra6 Rxd2 25. Rxd2 Rxd2 26. Rxa5 Ng4 27. Ra7+ Kf6 28. Bc6 Ne5 29. Be8 g5 30. f4 Nf3+ 31. Kf1 Nxh2+ 32. Ke1 Nf3+ 33. Kf1 Kf5 34. Rxf7+ Kg4 35. Bc6 Kxg3 36. Bxf3 Rf2+ 37. Ke1 Rxf3 38. Rxh7 Kxf4 39. Ke2 Re3+ 40. Kd2 Re5 41. d4 Re4 42. Kd3 Re3+ 43. Kd2 Ke4 44. d5 Rd3+ 45. Ke2 Rxd5 46. Rg7 Rf5 47. Rg6 e5 48. Rg8 Kf4 49. Kf2 e4 50. Re8 g4 51. Re7 g3+ 52. Ke2 Rg5 53. Rf7+ Ke5 54. Kf1 g2+ 55. Kg1 Rg8 56. Re7+ Kd4 57. Rd7+ Kc4 58. Rc7+ Kd5 59. Rd7+ Kc5 60. Re7 Kd4 61. Rd7+ Ke3 62. Re7 Kf3 63. Rf7+ Ke2 64. Re7 e3 65. Re6 Kd2 66. Rd6+ Ke1 67. Rd4 e2 68. Rd6 Rg5 69. Rd4 Rg7 70. Rd6 Ra7 71. Rd5 Ra2 72. Rb5 Kd1 73. Rd5+ Rd2 74. Rf5 e1=Q+ 75. Kh2 0-1


[Site "https://www.chess.com"]

[Event "Titled Tuesday Blitz November 22 Late 2022"]
[White "Swiercz, Dariusz"]
[Black "Ozdemir, Serhan Berat"]
[WhiteFideId "1126881"]
[BlackFideId "6374611"]
[WhiteElo "2923"]
[BlackElo "2530"]
[Result "1-0"]
[Round "03"]
[TimeControl "180+1"]
[Date "2022.11.23"]
[WhiteClock "0:01:30"]
[BlackClock "0:00:02"]

1. e4 c5 2. Nf3 e6 3. d4 cxd4 4. Nxd4 a6 5. g3 Nc6 6. Bg2 Qc7 7. O-O Nf6 8. Re1 d6 9. Nxc6 bxc6 10. c4 e5 11. Nc3 Be7 12. b3 O-O 13. Na4 Rd8 14. Qd3 Rb8 15. Bd2 Bb7 16. Rac1 Ba8 17. Qe2 Qd7 18. Red1 Qe6 19. Qf1 d5 20. Ba5 dxe4 21. Bxd8 Bxd8 22. Nc5 Qe7 23. Nxe4 Bb6 24. c5 Ba5 25. Qxa6 Bb4 26. Nxf6+ Qxf6 27. Qa7 Re8 28. a3 1-0


[Site "https://www.chess.com"]

[Event "Titled Tuesday Blitz November 22 Late 2022"]
[White "Sztokbant, Bernardo Vainzoff"]
[Black "Jarmula, Lukasz"]
[WhiteFideId "2115956"]
[BlackFideId "1160664"]
[WhiteElo "2444"]
[BlackElo "2665"]
[Result "0-1"]
[Round "03"]
[TimeControl "180+1"]
[Date "2022.11.23"]
[WhiteClock "0:00:03"]
[BlackClock "0:00:12"]

1. b3 e5 2. Bb2 Nc6 3. e3 d5 4. Nf3 e4 5. Nd4 Nxd4 6. Bxd4 Nf6 7. Bb2 Be7 8. d3 O-O 9. Nd2 exd3 10. Bxd3 Bg4 11. Nf3 Bb4+ 12. c3 Bd6 13. h3 Bh5 14. O-O Qe7 15. c4 dxc4 16. Bxc4 Rad8 17. Qc2 Bg6 18. Qe2 Ne4 19. Rfd1 c6 20. Bd3 Bc7 21. Bxe4 Bxe4 22. Rxd8 Rxd8 23. Rd1 Rxd1+ 24. Qxd1 h6 25. Qd4 f6 26. Nd2 Bd5 27. Qxa7 Qd6 28. Nf1 b5 29. Qd4 c5 30. Qg4 Be6 31. Qg6 Bf7 32. Qf5 Be6 33. Qg6 Bf7 34. Qf5 c4 35. Qxb5 cxb3 36. axb3 Qd1 37. Qc6 Bd6 38. Bd4 Bf8 39. Qc8 Qh5 40. b4 Be8 41. Ng3 Qf7 42. Bc5 Bxc5 43. bxc5 Kh7 44. c6 Qe7 45. Nf5 Qe5 46. c7 Qa1+ 47. Kh2 Qe5+ 48. f4 Qe4 49. Qd8 Bc6 50. Nh4 Qxe3 51. c8=Q Qxf4+ 52. Kg1 Qe3+ 53. Kf1 Bb5+ 0-1


[Site "https://www.chess.com"]

[Event "Titled Tuesday Blitz November 22 Late 2022"]
[White "Szyszylo, Rafal"]
[Black "Antonio, Jorge Carlos"]
[WhiteFideId "1109626"]
[BlackFideId "113190"]
[WhiteElo "1981"]
[BlackElo "2247"]
[Result "1-0"]
[Round "03"]
[TimeControl "180+1"]
[Date "2022.11.23"]
[WhiteClock "0:00:16"]
[BlackClock "0:00:20"]

1. e4 c5 2. Nf3 e6 3. d4 cxd4 4. Nxd4 Nc6 5. Nc3 a6 6. a3 Nf6 7. Bc4 Qa5 8. O-O Be7 9. Nxc6 bxc6 10. Qe2 d5 11. Bd3 O-O 12. Bd2 Qb6 13. b3 d4 14. Na4 Qc7 15. f4 c5 16. Nb2 e5 17. f5 a5 18. a4 Qd6 19. g4 h6 20. h4 Nh7 21. Nc4 Qc7 22. Qh2 f6 23. Na3 Ba6 24. Nb5 Bxb5 25. Bxb5 Qb7 26. Bc4+ Kh8 27. Rae1 Qc7 28. Rf2 Rab8 29. Rg2 Rb4 30. Bd5 c4 31. Bxb4 Bxb4 32. Rf1 cxb3 33. cxb3 Qc3 34. Qg3 Qxg3 35. Rxg3 Rc8 36. Bc4 Bd2 37. Kf2 Bc3 38. Ke2 Nf8 39. Kd3 Nd7 40. g5 Nc5+ 41. Kc2 Nxe4 42. Rg4 Nd6 43. Be6 Rb8 44. gxf6 gxf6 45. Rg6 Kh7 46. Rfg1 Rb7 47. Rxf6 e4 48. Bd5 d3+ 49. Kxc3 Rc7+ 50. Kd4 d2 51. Rxd6 Rc1 52. Rd7+ Kh8 53. Rg8# 1-0


[Site "https://www.chess.com"]

[Event "Titled Tuesday Blitz November 22 Late 2022"]
[White "Tang, Andrew"]
[Black "Czopor, Maciej"]
[WhiteFideId "2059630"]
[BlackFideId "21805431"]
[WhiteElo "2581"]
[BlackElo "2324"]
[Result "1-0"]
[Round "03"]
[TimeControl "180+1"]
[Date "2022.11.22"]
[WhiteClock "0:01:15"]
[BlackClock "0:00:08"]

1. d4 c5 2. d5 g6 3. c4 Bg7 4. Nc3 d6 5. e4 Nf6 6. Nge2 O-O 7. Ng3 e6 8. Be2 exd5 9. cxd5 h5 10. Bg5 a6 11. a4 Nbd7 12. Qd2 Re8 13. O-O Qc7 14. h3 Nh7 15. Bh6 Bh8 16. f4 Bd4+ 17. Kh2 h4 18. Nh1 Ndf6 19. Bf3 Bd7 20. Nf2 b5 21. axb5 axb5 22. Rxa8 Rxa8 23. Ne2 Bxf2 24. Rxf2 Re8 25. Qc2 c4 26. b4 Qa7 27. Nc3 Kh8 28. Re2 Ng8 29. Qb2 Qd4 30. Rd2 Qf6 31. e5 dxe5 32. Ne4 Qe7 33. d6 Qe6 34. Nc5 c3 35. Qxc3 Qc4 36. Qxc4 bxc4 37. Nxd7 Nxh6 38. Nxe5 Nf6 39. Nxc4 Nf5 40. d7 Rd8 41. Ne5 Kg7 42. b5 Ng3 43. Kg1 Ngh5 44. Bxh5 Nxh5 45. Nc6 Ra8 46. d8=Q 1-0


[Site "https://www.chess.com"]

[Event "Titled Tuesday Blitz November 22 Late 2022"]
[White "Tomaszewski, Kacper"]
[Black "Sariego Figueredo, Wilfredo"]
[WhiteFideId "1127373"]
[BlackFideId "3500080"]
[WhiteElo "2211"]
[BlackElo "2309"]
[Result "1-0"]
[Round "03"]
[TimeControl "180+1"]
[Date "2022.11.23"]
[WhiteClock "0:01:46"]
[BlackClock "0:00:51"]

1. Nf3 c5 2. e3 d5 3. b3 Nf6 4. Bb2 Bg4 5. h3 Bh5 6. Bb5+ Nc6 7. g4 Bg6 8. Ne5 Qc7 9. f4 Be4 10. O-O h5 11. g5 Nd7 12. Bxc6 bxc6 13. d3 Bf5 14. Qf3 Nxe5 15. Bxe5 Qd7 16. Kh2 e6 17. Nd2 Rh7 18. e4 Bg6 19. f5 Bd6 20. Bxd6 Qxd6+ 21. Kh1 exf5 22. exf5 1-0


[Site "https://www.chess.com"]

[Event "Titled Tuesday Blitz November 22 Late 2022"]
[White "Toncheva, Nadya"]
[Black "Bogaudinov, Rushan"]
[WhiteFideId "2924056"]
[BlackFideId "4129288"]
[WhiteElo "2101"]
[BlackElo "1997"]
[Result "0-1"]
[Round "03"]
[TimeControl "180+1"]
[Date "2022.11.23"]
[WhiteClock "0:00:04"]
[BlackClock "0:00:11"]

1. e4 a6 2. Nf3 e6 3. d4 d5 4. e5 c5 5. c3 Nc6 6. Bd3 b5 7. O-O b4 8. Be3 Nge7 9. dxc5 Ng6 10. Bd4 Qc7 11. Re1 Be7 12. a3 bxc3 13. Nxc3 Nxd4 14. Nxd4 Bxc5 15. Nf3 Bd7 16. Rc1 Qa7 17. Qd2 O-O 18. h4 f6 19. exf6 Rxf6 20. Nd1 Raf8 21. h5 Nf4 22. Ne5 Nxd3 23. Nxd3 Bd4 24. Ne5 Bxf2+ 25. Nxf2 Rxf2 26. Qg5 Rf1+ 27. Kh2 Qg1+ 28. Kg3 Rxe1 29. Nxd7 Qf2+ 30. Kh2 Rxc1 31. Nxf8 Qg1+ 32. Kg3 Kxf8 33. Qd8+ Kf7 34. Qd7+ Kf6 35. Qd8+ Ke5 36. Qg5+ Kd4 37. Qxg7+ e5 38. Qa7+ Ke4 39. Qxh7+ Ke3 40. Qa7+ d4 41. Qxa6 Qf2+ 42. Kg4 Qf4+ 43. Kh3 Rh1# 0-1


[Site "https://www.chess.com"]

[Event "Titled Tuesday Blitz November 22 Late 2022"]
[White "Torres Boch, Jose Francisco"]
[Black "Golubev, Mikhail"]
[WhiteFideId "2278383"]
[BlackFideId "14100983"]
[WhiteElo "2073"]
[BlackElo "2374"]
[Result "0-1"]
[Round "03"]
[TimeControl "180+1"]
[Date "2022.11.23"]
[WhiteClock "0:02:44"]
[BlackClock "0:02:35"]

1. e4 c5 2. Nf3 d6 3. d4 Nf6 4. Nc3 cxd4 5. Nxd4 g6 6. Be3 Bg7 7. f3 a6 8. Qd2 Nbd7 9. O-O-O b5 10. Nd5 Bb7 11. Nc6 Bxc6 0-1


[Site "https://www.chess.com"]

[Event "Titled Tuesday Blitz November 22 Late 2022"]
[White "Vargas, Mauricio"]
[Black "Milosevic, Milos"]
[WhiteFideId "4404572"]
[BlackFideId "964875"]
[WhiteElo "2025"]
[BlackElo "2321"]
[Result "0-1"]
[Round "03"]
[TimeControl "180+1"]
[Date "2022.11.23"]
[WhiteClock "0:00:04"]
[BlackClock "0:00:07"]

1. e4 d6 2. f4 Nf6 3. Nc3 e5 4. d3 g6 5. g3 Bg7 6. Nf3 Nc6 7. Bg2 O-O 8. O-O h6 9. h3 Re8 10. Qe1 Nd4 11. Rf2 c5 12. Be3 b6 13. Nd1 Bb7 14. c3 Nxf3+ 15. Bxf3 d5 16. fxe5 Rxe5 17. Bf4 Re6 18. e5 g5 19. Bd2 Qc7 20. d4 Ne4 21. Re2 f5 22. Ne3 Rf8 23. g4 f4 24. Nf5 Ree8 25. Nd6 Nxd6 26. exd6 Rxe2 27. Qxe2 Qxd6 28. Re1 cxd4 29. c4 Qc5 30. Kg2 d3 31. Qe6+ Kh8 32. cxd5 Bc8 33. Qg6 Bd7 34. Be4 Kg8 35. Qh7+ Kf7 36. Bg6+ Kf6 37. Bc3+ Qxc3 38. bxc3 Rh8 39. Bxd3 Rxh7 40. Bxh7 Bf8 41. Bc2 Bc5 42. Bb3 a5 43. Rf1 Ke5 44. Re1+ Be3 45. Kf3 a4 46. Bc2 Kxd5 47. Be4+ Kc4 48. Rc1 Bxc1 49. Bh7 Kxc3 50. Bg8 Bc6+ 51. Ke2 f3+ 52. Kf2 Kd4 0-1


[Site "https://www.chess.com"]

[Event "Titled Tuesday Blitz November 22 Late 2022"]
[White "Vykouk, Jan"]
[Black "Kulkarni, Rakesh"]
[WhiteFideId "349658"]
[BlackFideId "5037077"]
[WhiteElo "2736"]
[BlackElo "2480"]
[Result "1/2-1/2"]
[Round "03"]
[TimeControl "180+1"]
[Date "2022.11.23"]
[WhiteClock "0:01:12"]
[BlackClock "0:01:40"]

1. e4 c5 2. Nf3 e6 3. d4 cxd4 4. Nxd4 a6 5. Bd3 Nc6 6. Nxc6 dxc6 7. O-O e5 8. f4 Bc5+ 9. Kh1 Nf6 10. h3 h5 11. f5 Ng4 12. Qf3 Qh4 13. Nc3 Nf2+ 14. Kh2 Ng4+ 15. Kh1 Nf2+ 16. Kh2 Ng4+ 17. Kh1 1/2-1/2


[Site "https://www.chess.com"]

[Event "Titled Tuesday Blitz November 22 Late 2022"]
[White "Ward, Ieuan C"]
[Black "Salman, Pavel"]
[WhiteFideId "406627"]
[BlackFideId "24153753"]
[WhiteElo "2344"]
[BlackElo "2187"]
[Result "0-1"]
[Round "03"]
[TimeControl "180+1"]
[Date "2022.11.23"]
[WhiteClock "0:01:42"]
[BlackClock "0:01:29"]

1. d4 Nf6 2. c4 c5 3. d5 b5 4. cxb5 a6 5. bxa6 g6 6. Nc3 Bg7 7. Nf3 O-O 8. g3 d6 9. Bg2 Nxa6 10. Nd2 Nb4 11. O-O Bb7 12. Nc4 Ba6 13. Ne3 Bb7 14. a3 Na6 15. Qc2 Nc7 16. Rd1 Qd7 17. b3 Nb5 18. Bb2 Nd4 19. Qd3 Ba6 20. Nc4 Nxb3 21. Rab1 Na5 0-1


[Site "https://www.chess.com"]

[Event "Titled Tuesday Blitz November 22 Late 2022"]
[White "Wieczorek, Oskar"]
[Black "Bortnyk, Olexandr"]
[WhiteFideId "1133950"]
[BlackFideId "14120828"]
[WhiteElo "2404"]
[BlackElo "2723"]
[Result "0-1"]
[Round "03"]
[TimeControl "180+1"]
[Date "2022.11.22"]
[WhiteClock "0:00:01"]
[BlackClock "0:00:12"]

1. e4 Nf6 2. e5 Nd5 3. d4 d6 4. Nf3 dxe5 5. Nxe5 c6 6. Be2 Bf5 7. O-O Nd7 8. Nf3 e6 9. c4 N5f6 10. Nh4 Bg6 11. Nc3 Bd6 12. g3 O-O 13. Be3 Qc7 14. Nxg6 hxg6 15. Qc2 e5 16. Rad1 exd4 17. Bxd4 Bc5 18. Rfe1 Rad8 19. Bxc5 Nxc5 20. b4 Ne6 21. c5 a5 22. a3 Nd4 23. Qb2 axb4 24. axb4 Qe5 25. Kg2 Rfe8 26. Bc4 Qxe1 27. Rxe1 Rxe1 28. Qd2 Rg1+ 29. Kh3 Rd7 30. Qf4 g5 31. Qxg5 Nf3 32. Qf5 Rd4 33. Qc8+ Kh7 34. Qf5+ Kg8 35. Qc8+ Kh7 36. Qf5+ Kh6 37. Qxf3 Rxc4 38. Qe3+ g5 39. Ne2 Nd5 0-1


[Site "https://www.chess.com"]

[Event "Titled Tuesday Blitz November 22 Late 2022"]
[White "Willathgamuwa, Kevin"]
[Black "Marcolino, Daniel Mattos"]
[WhiteFideId "3214168"]
[BlackFideId "2106841"]
[WhiteElo "1962"]
[BlackElo "2083"]
[Result "1-0"]
[Round "03"]
[TimeControl "180+1"]
[Date "2022.11.23"]
[WhiteClock "0:01:37"]
[BlackClock "0:01:10"]

1. e4 c6 2. Nc3 d5 3. d4 dxe4 4. Nxe4 Nd7 5. Nf3 Ngf6 6. Bd3 Nxe4 7. Bxe4 Nf6 8. Bd3 Bg4 9. c3 e6 10. h3 Bh5 11. O-O Be7 12. Bf4 O-O 13. Be2 Qb6 14. Ne5 Bxe2 15. Qxe2 Rfd8 16. Rad1 c5 17. dxc5 Bxc5 18. Bg5 Rxd1 19. Rxd1 Bxf2+ 20. Qxf2 Qxf2+ 21. Kxf2 Ne4+ 22. Ke3 Nxg5 23. Rd7 f6 24. Nc4 b5 25. Nd6 b4 26. h4 bxc3 27. bxc3 Nh3 28. gxh3 h5 29. Rc7 a5 30. Rc8+ Rxc8 31. Nxc8 Kf7 32. a4 g5 33. hxg5 fxg5 34. Nd6+ Kf6 35. Nc4 g4 36. hxg4 hxg4 37. Kf4 1-0


[Site "https://www.chess.com"]

[Event "Titled Tuesday Blitz November 22 Late 2022"]
[White "Winterberg, Lukas"]
[Black "Zakarian, David"]
[WhiteFideId "24622702"]
[BlackFideId "13301276"]
[WhiteElo "2349"]
[BlackElo "2299"]
[Result "0-1"]
[Round "03"]
[TimeControl "180+1"]
[Date "2022.11.23"]
[WhiteClock "0:00:16"]
[BlackClock "0:00:52"]

1. Nf3 c5 2. b3 Nc6 3. Bb2 d5 4. g3 d4 5. Bg2 e5 6. O-O f6 7. e3 Be6 8. exd4 cxd4 9. c3 d3 10. c4 Bc5 11. Nc3 Nge7 12. Ne4 Bd4 13. Nxd4 Nxd4 14. Nc5 Ne2+ 15. Kh1 Bg4 16. Qb1 b6 17. Nb7 Qd7 18. Nd6+ Qxd6 19. Bxa8 O-O 20. Bg2 f5 21. h3 e4 22. b4 Qh6 23. h4 g5 24. Be5 Nc6 25. Qb2 gxh4 26. gxh4 Qxh4+ 27. Bh2 Rf6 28. Qxf6 Qxf6 29. f3 exf3 30. Bxf3 Bxf3+ 31. Rxf3 Qxa1+ 32. Kg2 Ncd4 33. Rxd3 Qxa2 34. Be5 Qxc4 35. Re3 f4 36. Re4 Qd5 37. d3 Nc3 38. Bxd4 Nxe4 39. dxe4 Qxd4 40. Kh3 Qxe4 41. b5 Qf3+ 42. Kh4 Qg3+ 43. Kh5 f3 44. Kh6 Qg6# 0-1


[Site "https://www.chess.com"]

[Event "Titled Tuesday Blitz November 22 Late 2022"]
[White "Wirig, Anthony"]
[Black "Rosen, Eric"]
[WhiteFideId "615013"]
[BlackFideId "2032562"]
[WhiteElo "2487"]
[BlackElo "2362"]
[Result "0-1"]
[Round "03"]
[TimeControl "180+1"]
[Date "2022.11.22"]
[WhiteClock "0:00:03"]
[BlackClock "0:00:04"]

1. d4 d5 2. Nf3 Nf6 3. Bf4 c5 4. c3 e6 5. e3 Bd6 6. Nbd2 O-O 7. Ne5 Qc7 8. Bg3 Nc6 9. f4 Ne7 10. Bd3 Nf5 11. Qf3 b6 12. Bf2 Be7 13. g4 Nd6 14. Bh4 Nfe4 15. Bxe7 Qxe7 16. g5 Bb7 17. Bxe4 dxe4 18. Qh3 Nf5 19. Rg1 Rac8 20. Ng4 Kh8 21. Ne5 cxd4 22. cxd4 Qb4 23. g6 Nh6 24. gxf7 Qxb2 25. Rd1 Rc1 26. Qh5 Rxd1+ 27. Qxd1 Nf5 28. Kf2 g6 29. h4 Ba6 30. h5 Ne7 31. hxg6 hxg6 32. Kg3 Kg7 33. Rh1 Nf5+ 34. Kf2 Qa3 35. Rh3 Bb7 36. Qh1 Kf6 37. Rh8 Qb4 38. Nxe4+ Bxe4 39. Ng4+ Ke7 40. Qxe4 Rxh8 41. Kf3 Rh3+ 42. Kg2 Rg3+ 43. Kf2 Rxg4 44. Qb7+ Kf6 45. Qc7 Qd2+ 46. Kf1 Nxe3# 0-1


[Site "https://www.chess.com"]

[Event "Titled Tuesday Blitz November 22 Late 2022"]
[White "Xiong, Jeffery"]
[Black "Al-Tarboush, Ward"]
[WhiteFideId "2047640"]
[BlackFideId "7601450"]
[WhiteElo "3051"]
[BlackElo "2538"]
[Result "0-1"]
[Round "03"]
[TimeControl "180+1"]
[Date "2022.11.23"]
[WhiteClock "0:00:07"]
[BlackClock "0:00:04"]

1. e4 c5 2. Nf3 Nc6 3. Bb5 e6 4. O-O Nge7 5. d4 cxd4 6. Nxd4 Qb6 7. Nxc6 Qxb5 8. Nd4 Qb6 9. Nc3 a6 10. Be3 Qxb2 11. Ncb5 axb5 12. Rb1 Qxa2 13. Nxb5 Nc6 14. Nc7+ Kd8 15. Bb6 Ke7 16. Bc5+ Kd8 17. Bb6 Ke7 18. e5 f6 19. exf6+ gxf6 20. Re1 Ra5 21. Bxa5 Qxa5 22. Nd5+ Kd8 23. Nxf6 Qf5 24. Ne4 Rg8 25. Rb3 Qg4 26. Qxg4 Rxg4 27. Nf6 Rg6 28. Nxh7 Be7 29. Rg3 Rxg3 30. hxg3 b6 31. g4 Ke8 32. f4 Kf7 33. Kf2 Kg6 34. Rh1 Bb7 35. c3 Nd8 36. g5 Nf7 37. Rh4 Be4 38. Ke3 Bf5 39. g4 Bc2 40. Rh2 Bb1 41. Nf6 Bxf6 42. gxf6 Kxf6 43. Rb2 Bg6 44. Rxb6 Ke7 45. f5 Bh7 46. Kf4 e5+ 47. Kg3 d5 48. Rh6 Nxh6 0-1


[Site "https://www.chess.com"]

[Event "Titled Tuesday Blitz November 22 Late 2022"]
[White "Yi, Richard"]
[Black "Romero Ruscalleda, Josep"]
[WhiteFideId "2079518"]
[BlackFideId "2231859"]
[WhiteElo "2147"]
[BlackElo "2183"]
[Result "0-1"]
[Round "03"]
[TimeControl "180+1"]
[Date "2022.11.23"]
[WhiteClock "0:00:42"]
[BlackClock "0:00:21"]

1. c4 g6 2. d4 Bg7 3. e4 d6 4. Nc3 e5 5. d5 Ne7 6. c5 O-O 7. cxd6 cxd6 8. h4 f5 9. h5 fxe4 10. hxg6 hxg6 11. Nxe4 Bf5 12. Ng5 Qa5+ 13. Qd2 Qxd2+ 14. Bxd2 Nd7 15. Bb4 Nc8 16. Be2 Bf6 17. Nh7 Rf7 18. Nxf6+ Nxf6 19. Bc4 b5 20. Bxb5 Rb8 21. a4 a6 22. Bxd6 Nxd6 23. Bxa6 Rxb2 24. Nf3 Bg4 25. Ng5 Rc7 26. O-O Nfe4 27. Nxe4 Nxe4 28. f3 Rcc2 0-1


[Site "https://www.chess.com"]

[Event "Titled Tuesday Blitz November 22 Late 2022"]
[White "Young, Ryan"]
[Black "Kleiman, Jake"]
[WhiteFideId "2049945"]
[BlackFideId "2020041"]
[WhiteElo "2311"]
[BlackElo "2621"]
[Result "0-1"]
[Round "03"]
[TimeControl "180+1"]
[Date "2022.11.23"]
[WhiteClock "0:00:10"]
[BlackClock "0:00:24"]

1. e4 e5 2. Nf3 Nc6 3. d4 exd4 4. Nxd4 Bb4+ 5. c3 Bc5 6. Be3 Bb6 7. Qd2 Nf6 8. f3 O-O 9. Na3 d5 10. Nxc6 bxc6 11. Bxb6 axb6 12. O-O-O Qe7 13. exd5 cxd5 14. Kb1 Bf5+ 15. Bd3 Qd7 16. Bxf5 Qxf5+ 17. Qd3 Qxd3+ 18. Rxd3 Rfe8 19. Rd2 c5 20. Nb5 Re7 21. Rhd1 h5 22. Nd6 g6 23. Nb5 Kg7 24. Na3 h4 25. g3 hxg3 26. hxg3 Rh8 27. Rf2 Rh3 28. g4 g5 29. Kc2 Re3 30. Rdf1 Kg6 31. Kd2 Re8 32. Nc2 Re6 33. a3 Nd7 34. Ne3 Nf6 35. Nf5 Rh8 36. Re2 Rhe8 37. Rh2 Ng8 38. Rfh1 Kf6 39. Nh6 Nxh6 40. Rxh6+ Ke5 41. Re1+ Kf4 42. Rexe6 Rxe6 43. Rxe6 fxe6 44. Ke2 c4 45. a4 e5 46. Kf2 e4 47. fxe4 dxe4 48. Ke2 Kxg4 49. b3 cxb3 50. Kd2 e3+ 51. Kxe3 b2 52. Kd4 b1=Q 53. Kc4 Kf4 54. a5 bxa5 0-1


[Site "https://www.chess.com"]

[Event "Titled Tuesday Blitz November 22 Late 2022"]
[White "Yurovskykh, Oleksandr"]
[Black "Thomas, Anysia"]
[WhiteFideId "14134020"]
[BlackFideId "670472"]
[WhiteElo "2265"]
[BlackElo "2069"]
[Result "1-0"]
[Round "03"]
[TimeControl "180+1"]
[Date "2022.11.23"]
[WhiteClock "0:00:20"]
[BlackClock "0:00:08"]

1. g3 g6 2. Bg2 Bg7 3. e4 c5 4. Ne2 Nc6 5. O-O Rb8 6. c3 d6 7. d4 cxd4 8. cxd4 Nf6 9. Nbc3 O-O 10. h3 a6 11. Be3 b5 12. Rc1 Bb7 13. Qd2 Re8 14. b3 Rc8 15. d5 Nb8 16. Nd4 Nbd7 17. Nce2 Nc5 18. f3 Qd7 19. b4 Na4 20. Nb3 e6 21. dxe6 Qxe6 22. Na5 Ba8 23. Rxc8 Rxc8 24. Rc1 d5 25. Rxc8+ Qxc8 26. e5 Nd7 27. f4 Nab6 28. Bd4 Nc4 29. Qc3 Nf8 30. Nb3 Ne6 31. Nc5 Bf8 32. Nd3 Qc6 33. g4 Qc8 34. f5 Ng5 35. Ng3 Ne4 36. Bxe4 dxe4 37. Nc5 Qc6 38. Be3 Qd5 39. e6 Qd1+ 40. Nf1 fxe6 41. Nxe6 Qf3 42. Qd4 Nxe3 43. Qxe3 Qxe3+ 44. Nxe3 gxf5 45. Nxf8 Kxf8 46. Nxf5 Kf7 47. Kf2 Ke6 48. Ke3 Ke5 49. Ng3 Bd5 50. a3 h6 51. Ne2 Bc6 52. Nc3 Bb7 53. h4 Ba8 54. g5 hxg5 55. hxg5 Kf5 56. Kd4 Bb7 57. g6 Kxg6 58. Nxe4 Kf7 59. Nd6+ Ke6 60. Nxb7 Kd7 61. Nc5+ Kc7 62. Nxa6+ Kb6 63. Kd5 Kxa6 64. Kc6 Ka7 65. Kxb5 Kb7 66. a4 Ka7 67. a5 Ka8 68. Ka6 Kb8 69. b5 Ka8 70. b6 Kb8 71. b7 Kc7 72. Ka7 1-0


[Site "https://www.chess.com"]